 Dungeon Crawl Stone Soup version 0.29-a0-251-g80730f7218 (webtiles) character file.

Game seed: 60428779174991652

41 avis the Skirmisher (level 3, 0/36 HPs)
             Began as a Hill Orc Monk on Mar 6, 2022.
             Succumbed to an adder's poison
             ... on level 1 of the Dungeon.
             The game lasted 00:06:23 (1158 turns).

avis the Skirmisher (Hill Orc Monk)                 Turns: 1158, Time: 00:06:23

Health: 0/36       AC:  3    Str: 13    XL:     3   Next: 52%
Magic:  3/3        EV: 12    Int: 12    God:
Gold:   64         SH:  0    Dex: 13    Spells: 2/2 levels left

rFire   . . .      SeeInvis .     - Unarmed
rCold   . . .      Faith    .   (no shield)
rNeg    . . .      Spirit   .   g - +0 leather armour
rPois   .          Reflect  .   (no helmet)
rElec   .          Harm     .   (no cloak)
rCorr   .          Rampage  .   (no gloves)
Will    .....                   (no boots)
Stlth   ++........              (no amulet)
HPRegen 0.12/turn               (no ring)
MPRegen 0.08/turn               (no ring)

@: lethally poisoned (0 -> -2), attractive
A: no striking features
a: no special abilities


You were on level 1 of the Dungeon.
You visited 1 branch of the dungeon, and saw 2 of its levels.

You collected 64 gold pieces.

Inventory:

Hand Weapons
 h - a +0 spear
Missiles
 b - 82 stones (quivered)
 e - 4 javelins
Armour
 a - a +0 robe
 g - a +0 leather armour (worn)
Scrolls
 c - a scroll of amnesia {unknown}
 f - a scroll of identify {unknown}


   Skills:
 - Level 5.0 Fighting
 - Level 2.4 Dodging
 - Level 1.5 Stealth
 * Level 3.8 Unarmed Combat


You had 2 spell levels left.
You didn't know any spells.
Your spell library was empty.

Dungeon Overview and Level Annotations

Branches:
Dungeon (2/15)

Altars:


Message History

It was a potion of attraction.
You feel attractive to monsters.
You feel sick. The adder barely misses you.
You closely miss the adder.
The adder is lightly wounded.
You feel sick. The adder barely misses you. The adder closely misses you.
You miss the adder.
The adder is lightly wounded.
You feel sick. The adder bites you but does no damage.
You hit the adder but do no damage.
The adder is lightly wounded.
You feel sick. The adder bites you but does no damage.
You closely miss the adder.
The adder is lightly wounded.
You feel sick. The adder barely misses you.
You closely miss the adder.
The adder is lightly wounded.
You feel sick.
You are no longer poisoned.
The adder bites you.
* * * LOW HITPOINT WARNING * * *
You are lethally poisoned!
The adder poisons you!
You hit the adder.
The adder is severely wounded.
* * * LOW HITPOINT WARNING * * *
You feel sick. The adder completely misses you.
The adder bites you but does no damage.
You hit the adder.
You kill the adder!
* * * LOW HITPOINT WARNING * * *
You feel sick.
You hit the rat.
You kill the rat!
* * * LOW HITPOINT WARNING * * *
You feel sick.
* * * LOW HITPOINT WARNING * * *
You feel sick.
You see here an adder corpse.
You die...

#### #..# ####..# ###
#..@.>### #.## ###.###...#
#..# ############...# ###.#
### #..##
..............######.###.#
##...
############............>###
#..# ###.#######..#....#
##.. ## ###...#
#.#####...###... .## #...###
####...##.......#. ..##
#.### #.##...##..#......


There were no monsters in sight!

Vanquished Creatures
  An adder (D:1)
  4 ball pythons
  3 endoplasms (D:1)
  5 goblins (D:1)
  2 hobgoblins (D:1)
  A quokka (D:1)
  6 bats (D:1)
  A frilled lizard (D:1)
  A kobold (D:1)
  7 rats (D:1)
31 creatures vanquished.

Vanquished Creatures (others)
  A demonic plant (D:1)
  3 fungi (D:1)
  4 plants (D:1)
8 creatures vanquished.

Grand Total: 39 creatures vanquished

Notes
Turn   | Place    | Note
-------+----------+-------------------------------------------
     0 | D:1      | avis the Hill Orc Monk began the quest for the Orb.
     0 | D:1      | Reached XP level 1. HP: 19/19 MP: 1/1
   208 | D:1      | Reached skill level 4 in Fighting
   298 | D:1      | Reached XP level 2. HP: 26/27 MP: 2/2
   678 | D:1      | Found a faded altar of an unknown god.
   703 | D:1      | Reached XP level 3. HP: 28/35 MP: 3/3
   856 | D:1      | Reached skill level 5 in Fighting
  1157 | D:1      | HP: 1/36 [poisoned by an adder]
  1158 | D:1      | Succumbed to an adder's poison

Illustrated notes

Levels and vault maps discovered:
D:1:      dpeg_arrival_prison, layout_rooms, shapermc_ecumenical_altar_gd,
          minmay_tall_x
D:2:      layout_basic, minmay_octomino_e4

Skill      XL: |  1  2  3 |
---------------+----------+-----
Fighting       | 4 5 |  5.0
Dodging        | |  2.4
Stealth        | |  1.5
Unarmed Combat | |  3.8

Action                   || total
-------------------------++-------
Melee: Unarmed           ||   100
       Punch             ||     1
  Use: Potion            ||     1
 Stab: Sleeping          ||     1
Armor: Robe              ||     7
       Leather armour    ||    17
Dodge: Dodged            ||    55

Table legend: (Time is in decaauts)
 A = Elapsed time spent in this place.
 B = Non-inter-level travel time spent in this place.
 C = Inter-level travel time spent in this place.
 D = Time resting spent in this place.
 E = Time spent auto-exploring this place.
 F = Levels seen in this place.
 G = Mean time per level.
                   A        B        C        D        E       F      G
               +--------+--------+--------+--------+--------+-----+--------+
         Total |   1154 |   1100 |     54 |    316 |    377 |   2 |  577.0 |
       Dungeon |   1154 |   1100 |     54 |    316 |    377 |   2 |  577.0 |
               +--------+--------+--------+--------+--------+-----+--------+

Top non-repeatable levels by time:
     D:1: 1132 daAuts
     D:2: 21 daAuts
